 Seeded DCSS version 0.29.1-1-gd02db6906a (webtiles) character file.

Game seed: 4793021462254127399 (custom seed)

58 hikkokomori the Gusty (level 4, 26/26 HPs)
             Began as a Tengu Air Elementalist on Oct 12, 2022.
             Got out of the dungeon alive.
             The game lasted 00:04:05 (3112 turns).

hikkokomori the Gusty (Tengu Air Elementalist)      Turns: 3112, Time: 00:04:06

Health: 26/26      AC:  3    Str:  8    XL:     4   Next: 1%
Magic:  8/8        EV: 12    Int: 17    God:
Gold:   110        SH:  0    Dex: 15    Spells: 6/7 levels left

rFire   . . .      SeeInvis .   d - +1 dagger
rCold   . . .      Faith    .   (no shield)
rNeg    . . .      Spirit   .   a - +1 robe
rPois   .          Reflect  .   (helmet restricted)
rElec   .          Harm     .   (no cloak)
rCorr   .          Rampage  .   (no gloves)
Will    .....                   (boots unavailable)
Stlth   ++........              (no amulet)
HPRegen 0.08/turn               (no ring)
MPRegen 0.11/turn               (no ring)

@: no status effects
A: beak, talons 3
a: no special abilities


You escaped.
You visited 1 branch of the dungeon, and saw 2 of its levels.

You collected 110 gold pieces.

Inventory:

Hand Weapons
 d - a +1 dagger (weapon)
 o - a +0 spear
Armour
 a - a +1 robe (worn)
 n - a +0 cloak
Jewellery
 h - an amulet of guardian spirit
Scrolls
 e - a scroll of enchant weapon
 j - a scroll of enchant armour
Potions
 b - a potion of magic
 c - a potion of lignification {unknown}
 f - 2 potions of degeneration
 g - a potion of resistance {unknown}
 l - 2 potions of brilliance {unknown}
 m - a potion of curing {unknown}


   Skills:
 + Level 1.8 Fighting
 - Level 2.1 Dodging
 - Level 2.0 Stealth
 - Level 2.0 Spellcasting
 + Level 3.0 Conjurations
 + Level 4.9 Air Magic


You had 6 spell levels left.
You knew the following spells:

 Your Spells              Type           Power      Damage    Failure   Level
a - Shock                 Conj/Air       60%        1d6       3%          1

Your spell library contained the following spells:

 Spells                   Type           Power      Damage    Failure   Level
 Static Discharge         Conj/Air       15%        3-5/arc   6%          2
 Swiftness                Air            18%        N/A       8%          3
 Airstrike                Air            9%         2d(2-18)  26%         4
 Summon Lightning Spire   Summ/Air       10%        N/A       56%         4
 Lightning Bolt           Conj/Air       7%         1d20      71%         5


Dungeon Overview and Level Annotations

Branches:
Dungeon (2/15)

Altars:


Innate Abilities, Weirdness & Mutations

You have a beak for a mouth.
You have claws for feet.


Message History

Your hearing returns.
You start waiting.
Done waiting.
As you read the scroll labelled QOSKEC ODWA, it crumbles to dust.
It is a scroll of enchant armour.
Your +0 robe glows green for a moment.
As you read the scroll labelled LUAJEA ISALIPA, it crumbles to dust.
It is a scroll of identify.
f - 2 potions of degeneration
Okay, then.
(D) Dungeon
Where to? (Enter - D:2, ? - help)
Okay, then.
(D) Dungeon
Where to? (Enter - D:2, ? - help)
What level of the Dungeon? (default 1, ? - help)
There is an escape hatch in the floor here.
There is a stone staircase leading up here.
You climb upwards.
There is a stone staircase leading down here.
Things that are here:
3 stones; a +0 dagger Save game and exit?
Welcome back, hikkokomori the Tengu Air Elementalist.
Game seed: 4793021462254127399 (custom seed) Press ? for a list of commands and other information.
(D) Dungeon
Where to? (? - help)
Okay, then.
(D) Dungeon
Where to? (? - help)
What level of the Dungeon? (default 1, ? - help)
Okay, then.
There is a staircase leading out of the dungeon here.
Are you sure you want to leave the Dungeon?
This will make you lose the game! [Y]es or [N]o only, please.
Are you sure you want to leave the Dungeon?
This will make you lose the game! [Y]es or [N]o only, please.
Are you sure you want to leave the Dungeon?
This will make you lose the game!
You have escaped!

....รท...###.#########.##.##.####
.....#### #[..........##.......#
.###.# ###########.....#.##.#
.###.##### #..##..##...##.#.##.##
.##...>..###..##..##...##....#[##
...#........##..##..#####.#..#.#.
...#.....#####..##..##....#..#...
...#.....# #..##..##.............
..#......###..##@.##.......##...#
...........###..##..##.#.#.##...#
.......###.###..##..##.#.#.##.##)
.....#.# #....##..##...#.#.##.##.
.##..#.# #....##..##.....#.##....
.##..#.# #..#####.....#..#.######
)##..#.# #..# #####...##.# #
.##.^..# #..# ##.###.# ..#.##.#
#..# #.# #.#


There were no monsters in sight!

Vanquished Creatures
  4 dart slugs (D:2)
  5 bats
  3 endoplasms
  2 giant cockroaches (D:1)
  3 hobgoblins
  4 jackals (D:2)
  2 quokkas
  2 ball pythons (D:1)
  4 frilled lizards
  5 goblins
  7 kobolds
  6 rats
47 creatures vanquished.

Notes
Turn   | Place    | Note
-------+----------+-------------------------------------------
     0 | D:1      | hikkokomori the Tengu Air Elementalist began the quest for
                  | the Orb.
     0 | D:1      | Reached XP level 1. HP: 10/10 MP: 4/4
    94 | D:1      | Reached XP level 2. HP: 12/16 MP: 6/6
   233 | D:1      | Reached skill level 1 in Fighting
  1036 | D:1      | Reached XP level 3. HP: 20/20 MP: 7/7
  2302 | D:2      | Found a faded altar of an unknown god.
  2765 | D:2      | Reached XP level 4. HP: 26/26 MP: 5/8
  3112 | D:$      | Got out of the dungeon alive.

Illustrated notes

Levels and vault maps discovered:
D:1:      lightli_iron_boxes, layout_loops_ring, minmay_misc_feat_enclosed,
          minmay_tetromino_o2
D:2:      minmay_alternating_diamond, layout_rooms,
          hellmonk_ecumenical_altar_lost_god

Skill      XL: |  1  2  3 |
---------------+----------+-----
Conjurations   | 2 3 |  3.0
Fighting       | 1 |  1.8
Dodging        | |  2.1
Stealth        | |  2.0
Spellcasting   | |  2.0
Air Magic      | |  4.9

Action                   |  1- 3 |  4- 6 || total
-------------------------+-------+-------++-------
Melee: Dagger            |    79 |       ||    79
       Kick              |    12 |       ||    12
       Peck              |    10 |       ||    10
 Cast: Shock             |    28 |     3 ||    31
  Use: Scroll            |       |     4 ||     4
 Stab: Sleeping          |     6 |       ||     6
Armor: Robe              |    21 |       ||    21
Dodge: Dodged            |    40 |     2 ||    42
